| TOP OF THE 1ST |
|
Florida State University Seminoles batting - Pitching for Louisiana State University Tigers : RHP Luo-shan Xú
|
|
Pitching: RHP Luo-shan Xú
|
|
|
Batting: RHB Ray Johnson
|
0-0: Called Strike 0-1: Called Strike 0-2: Ball 1-2: Ball 2-2: Strikes out swinging
|
|
Batting: RHB Emilio Guerra
|
0-0: Ball 1-0: Called Strike 1-1: Foul Ball, location: 2F 1-2: Strikes out swinging
|
|
Batting: LHB Simon Barry
|
0-0: SINGLE (Line Drive, 78S, EV 95.6 MPH)
|
|
Batting: RHB Mick Vaught
|
0-0: Ball 1-0: Swinging Strike 1-1: Swinging Strike 1-2: Ball 2-2: Strikes out swinging
|
| Top of the 1st over - 0 runs, 1 hit, 0 errors, 1 left on base; Florida State University 0 - Louisiana State University 0 |
| BOTTOM OF THE 1ST |
|
Louisiana State University Tigers batting - Pitching for Florida State University Seminoles : RHP Yan-hao Chiu
|
|
Pitching: RHP Yan-hao Chiu
|
|
|
Batting: RHB Peter Turcotte
|
0-0: Called Strike 0-1: Ball 1-1: Fly out, F4 (Line Drive, 4M, EV 74.4 MPH)
|
|
Batting: RHB Pete Roberts
|
0-0: Foul Ball, location: 2F 0-1: Ball 1-1: Ball 2-1: Ball 3-1: Ground out U3 (Groundball, 3, EV 89.4 MPH)
|
|
Batting: RHB Leo Roldan
|
0-0: Ball 1-0: Called Strike 1-1: Called Strike 1-2: Ball 2-2: Ball 3-2: Base on Balls
|
|
Batting: RHB Winston Vasquez
|
0-0: Foul Ball, location: 2F 0-1: Ball 1-1: Ball 2-1: Ball 3-1: Foul Ball, location: 2F 3-2: Foul Ball, location: 2F 3-2: Base on Balls Leo Roldan to second
|
|
Batting: RHB Steve McCoig
|
0-0: Called Strike 0-1: Ball 1-1: Swinging Strike 1-2: Ball 2-2: Strikes out swinging
|
| Bottom of the 1st over - 0 runs, 0 hits, 0 errors, 2 left on base; Florida State University 0 - Louisiana State University 0 |
| TOP OF THE 2ND |
|
Florida State University Seminoles batting - Pitching for Louisiana State University Tigers : RHP Luo-shan Xú
|
|
Batting: RHB J.R. Harvey
|
0-0: Called Strike 0-1: Ground out 5-3 (Groundball, 5L, EV 88.1 MPH)
|
|
Batting: RHB Ed Vilches
|
0-0: Foul Ball, location: 2F 0-1: Foul Ball, location: 2F 0-2: Strikes out looking
|
|
Batting: RHB Washichi Goto
|
0-0: Ball 1-0: Foul Ball, location: 2F 1-1: Foul Ball, location: 2F 1-2: Hit by Pitch
|
|
Batting: LHB Henry Huezo
|
0-0: Fly out, F8 (Flyball, 8RD, EV 110.6 MPH)
|
| Top of the 2nd over - 0 runs, 0 hits, 0 errors, 1 left on base; Florida State University 0 - Louisiana State University 0 |
| BOTTOM OF THE 2ND |
|
Louisiana State University Tigers batting - Pitching for Florida State University Seminoles : RHP Yan-hao Chiu
|
|
Batting: LHB Alex Morales
|
0-0: Ball 1-0: Foul Ball, location: 2F 1-1: Ground out U3 (Groundball, 34, EV 101.9 MPH)
|
|
Batting: RHB Jake Garza
|
0-0: Foul Ball, location: 2F 0-1: Called Strike 0-2: Ball 1-2: Strikes out swinging
|
|
Batting: RHB Jesus Resendez
|
0-0: Called Strike 0-1: Ball 1-1: Foul Ball, location: 2F 1-2: Ball 2-2: Strikes out looking
|
| Bottom of the 2nd over - 0 runs, 0 hits, 0 errors, 0 left on base; Florida State University 0 - Louisiana State University 0 |
| TOP OF THE 3RD |
|
Florida State University Seminoles batting - Pitching for Louisiana State University Tigers : RHP Luo-shan Xú
|
|
Batting: RHB Terry Cisneros
|
0-0: Called Strike 0-1: Hit by Pitch
|
|
Batting: RHB Ray Johnson
|
0-0: Called Strike 0-1: Ball 1-1: Called Strike 1-2: Ball 2-2: Ball 3-2: Base on Balls Terry Cisneros to second
|
|
Batting: RHB Emilio Guerra
|
0-0: Called Strike 0-1: Fly out, F9 (Flyball, 9S, EV 82.5 MPH)
|
|
Batting: LHB Simon Barry
|
0-0: Fielders Choice at 2nd, 3-6 (Groundball, 34S, EV 86.2 MPH) Terry Cisneros to third
|
|
Batting: RHB Mick Vaught
|
0-0: Ball 1-0: Foul Ball, location: 2F 1-1: 3-RUN HOME RUN (Line Drive, 7D, EV 100.0 MPH), Distance : 378 ft
|
|
Batting: RHB J.R. Harvey
|
0-0: Ball 1-0: Foul Ball, location: 2F 1-1: Foul Ball, location: 2F 1-2: Ball 2-2: Foul Ball, location: 2F 2-2: SINGLE (Groundball, 6MD, EV 105.0 MPH)
|
|
Batting: RHB Ed Vilches
|
0-0: Ball 1-0: Foul Ball, location: 2F 1-1: Ball 2-1: Foul Ball, location: 2F 2-2: Strikes out swinging
|
| Top of the 3rd over - 3 runs, 2 hits, 0 errors, 1 left on base; Florida State University 3 - Louisiana State University 0 |
| BOTTOM OF THE 3RD |
|
Louisiana State University Tigers batting - Pitching for Florida State University Seminoles : RHP Yan-hao Chiu
|
|
Batting: LHB Matt Ellington
|
0-0: Called Strike 0-1: Ball 1-1: Ball 2-1: Called Strike 2-2: SINGLE (Line Drive, 7S, EV 96.9 MPH)
|
|
Batting: RHB Peter Turcotte
|
0-0: Ball 1-0: Called Strike Matt Ellington steals 2nd base 1-1: Swinging Strike 1-2: Foul Ball, location: 2F 1-2: Strikes out looking
|
|
Batting: RHB Pete Roberts
|
0-0: Called Strike 0-1: Called Strike 0-2: Ball 1-2: Ball 2-2: Foul Ball, location: 2F 2-2: Strikes out looking
|
|
Batting: RHB Leo Roldan
|
0-0: Ball 1-0: Fly out, F7 (Flyball, 7, EV 95.6 MPH)
|
| Bottom of the 3rd over - 0 runs, 1 hit, 0 errors, 1 left on base; Florida State University 3 - Louisiana State University 0 |
| TOP OF THE 4TH |
|
Florida State University Seminoles batting - Pitching for Louisiana State University Tigers : RHP Luo-shan Xú
|
|
Batting: RHB Washichi Goto
|
0-0: Ball 1-0: Foul Ball, location: 2F 1-1: Ground out 6-3 (Groundball, 6, EV 86.2 MPH)
|
|
Batting: LHB Henry Huezo
|
0-0: Ball 1-0: Fly out, F9 (Flyball, 9S, EV 78.1 MPH)
|
|
Batting: RHB Terry Cisneros
|
0-0: Fly out, F9 (Flyball, 9S, EV 90.0 MPH)
|
| Top of the 4th over - 0 runs, 0 hits, 0 errors, 0 left on base; Florida State University 3 - Louisiana State University 0 |
| BOTTOM OF THE 4TH |
|
Louisiana State University Tigers batting - Pitching for Florida State University Seminoles : RHP Yan-hao Chiu
|
|
Batting: RHB Winston Vasquez
|
0-0: Called Strike 0-1: Ball 1-1: Ball 2-1: Ball 3-1: Base on Balls
|
|
Batting: RHB Steve McCoig
|
0-0: Ball 1-0: Ball 2-0: Foul Ball, location: 2F 2-1: Foul Ball, location: 2F 2-2: Fielders Choice at 2nd, 4-6 (Groundball, 13, EV 89.4 MPH)
|
|
Batting: LHB Alex Morales
|
0-0: Swinging Strike 0-1: Foul Ball, location: 2F 0-2: Foul Ball, location: 2F 0-2: Foul Ball, location: 2F 0-2: Strikes out swinging
|
|
Batting: RHB Jake Garza
|
0-0: Ball 1-0: Ball Wild Pitch! Steve McCoig to second 2-0: Ball 3-0: Base on Balls
|
|
Pitching: RHP Ben Mathias
|
|
|
Batting: RHB Jesus Resendez
|
0-0: Ball 1-0: Fly out, F7 (Flyball, 7, EV 92.5 MPH)
|
| Bottom of the 4th over - 0 runs, 0 hits, 0 errors, 2 left on base; Florida State University 3 - Louisiana State University 0 |
| TOP OF THE 5TH |
|
Florida State University Seminoles batting - Pitching for Louisiana State University Tigers : RHP Luo-shan Xú
|
|
Batting: RHB Ray Johnson
|
0-0: Ball 1-0: SINGLE (Groundball, 4MD, EV 110.6 MPH)
|
|
Batting: RHB Emilio Guerra
|
0-0: Foul Ball, location: 2F 0-1: Ball 1-1: Ball 2-1: SINGLE (Groundball, 56D, EV 106.9 MPH) Ray Johnson to second
|
|
Batting: LHB Simon Barry
|
0-0: Called Strike Ray Johnson steals 3rd base (no throw) 0-1: Fly out, F8 (Flyball, 8LM, EV 91.9 MPH) Runner from 3rd tags up, OUT at HOME! 8-2 Emilio Guerra to second
|
|
Batting: RHB Mick Vaught
|
0-0: Ball 1-0: Foul Ball, location: 2F 1-1: Ball 2-1: Ball 3-1: Called Strike 3-2: Ground out 1-3 (Groundball, 15S, EV 70.0 MPH)
|
| Top of the 5th over - 0 runs, 2 hits, 0 errors, 1 left on base; Florida State University 3 - Louisiana State University 0 |
| BOTTOM OF THE 5TH |
|
Louisiana State University Tigers batting - Pitching for Florida State University Seminoles : RHP Ben Mathias
|
|
Batting: LHB Matt Ellington
|
0-0: Ball 1-0: Ground out 6-3 (Groundball, 6, EV 83.8 MPH)
|
|
Batting: RHB Peter Turcotte
|
0-0: Ball 1-0: Swinging Strike 1-1: Ball 2-1: Ball 3-1: Foul Ball, location: 2F 3-2: Strikes out looking
|
|
Batting: RHB Pete Roberts
|
0-0: Swinging Strike 0-1: Swinging Strike 0-2: Strikes out looking
|
| Bottom of the 5th over - 0 runs, 0 hits, 0 errors, 0 left on base; Florida State University 3 - Louisiana State University 0 |
| TOP OF THE 6TH |
|
Florida State University Seminoles batting - Pitching for Louisiana State University Tigers : RHP Luo-shan Xú
|
|
Batting: RHB J.R. Harvey
|
0-0: Ball 1-0: Ground out 5-3 (Groundball, 56S, EV 64.4 MPH)
|
|
Batting: RHB Ed Vilches
|
0-0: Ball 1-0: Fly out, F8 (Flyball, 8RD, EV 94.4 MPH)
|
|
Batting: RHB Washichi Goto
|
0-0: Called Strike 0-1: Swinging Strike 0-2: Strikes out looking
|
| Top of the 6th over - 0 runs, 0 hits, 0 errors, 0 left on base; Florida State University 3 - Louisiana State University 0 |
| BOTTOM OF THE 6TH |
|
Louisiana State University Tigers batting - Pitching for Florida State University Seminoles : RHP Ben Mathias
|
|
Batting: RHB Leo Roldan
|
0-0: Ground out 3-1 (Groundball, 34, EV 97.5 MPH)
|
|
Batting: RHB Winston Vasquez
|
0-0: Called Strike 0-1: Ball 1-1: Called Strike 1-2: Ball 2-2: Strikes out swinging
|
|
Batting: RHB Steve McCoig
|
0-0: Called Strike 0-1: Swinging Strike 0-2: Ball 1-2: Ball 2-2: Foul Ball, location: 2F 2-2: Ball 3-2: Fly out, F9 (Line Drive, 9S, EV 91.2 MPH)
|
| Bottom of the 6th over - 0 runs, 0 hits, 0 errors, 0 left on base; Florida State University 3 - Louisiana State University 0 |
| TOP OF THE 7TH |
|
Florida State University Seminoles batting - Pitching for Louisiana State University Tigers : RHP Luo-shan Xú
|
|
Pitching: LHP Gianpaolo Capirossi
|
|
|
Batting: LHB Henry Huezo
|
0-0: Ball 1-0: Swinging Strike 1-1: Foul Ball, location: 2F 1-2: Ball 2-2: Strikes out looking
|
|
Batting: RHB Terry Cisneros
|
0-0: Foul Ball, location: 2F 0-1: Ball 1-1: Foul Ball, location: 2F 1-2: Strikes out swinging
|
|
Batting: RHB Ray Johnson
|
0-0: Ground out 4-3 (Groundball, 4, EV 87.5 MPH)
|
| Top of the 7th over - 0 runs, 0 hits, 0 errors, 0 left on base; Florida State University 3 - Louisiana State University 0 |
| BOTTOM OF THE 7TH |
|
Louisiana State University Tigers batting - Pitching for Florida State University Seminoles : RHP Ben Mathias
|
|
Batting: LHB Alex Morales
|
0-0: Ball 1-0: Ground out 6-3 (Groundball, 6, EV 90.6 MPH)
|
|
Pinch Hitting: LHB Manny Grado
|
0-0: Foul Ball, location: 2F 0-1: Ball 1-1: Foul Ball, location: 2F 1-2: Ground out U3 (Groundball, 3S, EV 85.6 MPH)
|
|
Pinch Hitting: RHB Byung-hee Jee
|
0-0: Ball 1-0: Called Strike 1-1: Ball 2-1: Ball 3-1: Called Strike 3-2: Strikes out swinging
|
| Bottom of the 7th over - 0 runs, 0 hits, 0 errors, 0 left on base; Florida State University 3 - Louisiana State University 0 |
| TOP OF THE 8TH |
|
Florida State University Seminoles batting - Pitching for Louisiana State University Tigers : LHP Gianpaolo Capirossi
|
|
Now in LF: Alex Morales
|
|
|
Now in CF: John Carter
|
|
|
Now in RF: Manny Grado
|
|
|
Batting: RHB Emilio Guerra
|
0-0: Called Strike 0-1: SINGLE (Groundball, 5S, EV 73.1 MPH) (infield hit)
|
|
Batting: LHB Simon Barry
|
0-0: Ball 1-0: SINGLE (Groundball, P, EV 87.5 MPH) (infield hit) Emilio Guerra to second
|
|
Batting: RHB Mick Vaught
|
0-0: Ball 1-0: Called Strike 1-1: Foul Ball, location: 2F 1-2: Strikes out looking
|
|
Batting: RHB J.R. Harvey
|
0-0: Ball 1-0: Foul Ball, location: 2F 1-1: Ball 2-1: Ball 3-1: Called Strike 3-2: DOUBLE (Line Drive, 89D, EV 102.5 MPH) Emilio Guerra scores Simon Barry to third
|
|
Batting: RHB Ed Vilches
|
0-0: Called Strike 0-1: Foul Ball, location: 2F 0-2: Strikes out swinging
|
|
Batting: RHB Washichi Goto
|
0-0: Called Strike 0-1: Foul Ball, location: 2F 0-2: Ball 1-2: Strikes out looking
|
| Top of the 8th over - 1 run, 3 hits, 0 errors, 2 left on base; Florida State University 4 - Louisiana State University 0 |
| BOTTOM OF THE 8TH |
|
Louisiana State University Tigers batting - Pitching for Florida State University Seminoles : RHP Ben Mathias
|
|
Batting: LHB Matt Ellington
|
0-0: Ground out 4-3 (Groundball, 4, EV 85.6 MPH)
|
|
Pinch Hitting: SHB Brian Caruso
|
0-0: Ball 1-0: Ground out 6-3 (Groundball, 6, EV 90.6 MPH)
|
|
Batting: RHB Stewart Walker
|
0-0: Foul Ball, location: 2F 0-1: Called Strike 0-2: Strikes out looking
|
| Bottom of the 8th over - 0 runs, 0 hits, 0 errors, 0 left on base; Florida State University 4 - Louisiana State University 0 |
| TOP OF THE 9TH |
|
Florida State University Seminoles batting - Pitching for Louisiana State University Tigers : LHP Gianpaolo Capirossi
|
|
Pitching: RHP Jessie Amann
|
|
|
Now at 1B: David Olivarez
|
|
|
Batting: LHB Henry Huezo
|
0-0: Ball 1-0: Ground out 4-3 (Groundball, 4, EV 88.1 MPH)
|
|
Batting: LHB John Doiron
|
0-0: Foul Ball, location: 2F 0-1: Fly out, F9 (Flyball, 9, EV 95.0 MPH)
|
|
Batting: RHB Ray Johnson
|
0-0: Called Strike 0-1: Foul Ball, location: 2F 0-2: Ball 1-2: Ball 2-2: Foul Ball, location: 2F 2-2: Ball 3-2: Foul Ball, location: 2F 3-2: Base on Balls
|
|
Batting: RHB Emilio Guerra
|
0-0: Ball 1-0: Foul Ball, location: 2F 1-1: Called Strike 1-2: Strikes out swinging
|
| Top of the 9th over - 0 runs, 0 hits, 0 errors, 1 left on base; Florida State University 4 - Louisiana State University 0 |
| BOTTOM OF THE 9TH |
|
Louisiana State University Tigers batting - Pitching for Florida State University Seminoles : RHP Ben Mathias
|
|
Pitching: LHP Dan Monk
|
|
|
Pinch Hitting: RHB Zachary Acker
|
0-0: Called Strike 0-1: Foul Ball, location: 2F 0-2: Ball 1-2: Foul Ball, location: 2F 1-2: Fly out, F8 (Line Drive, 8LM, EV 88.8 MPH)
|
|
Pinch Hitting: RHB Elvin Ruffolo
|
0-0: Swinging Strike 0-1: Foul Ball, location: 2F 0-2: Ball 1-2: Ball 2-2: Strikes out looking
|
|
Batting: RHB Steve McCoig
|
0-0: Ball 1-0: Ball 2-0: Called Strike 2-1: Ball 3-1: Foul Ball, location: 2F 3-2: Ground out 5-3 (Groundball, 5, EV 81.9 MPH)
|
| Bottom of the 9th over - 0 runs, 0 hits, 0 errors, 0 left on base; Florida State University 4 - Louisiana State University 0 |
|